 Dungeon Crawl Stone Soup version 0.30-b1-2-g02819fbbbe (webtiles) character file.

Game seed: 7494754365252617149

163 Bixorta the Chopper (level 5, 0/69 HPs)
             Began as a Minotaur Berserker on Nov 8, 2023.
             Was a Priest of Trog.
             Succumbed to an orc wizard's poison
             ... on level 3 of the Dungeon on Nov 9, 2023.
             The game lasted 00:45:04 (2029 turns).

Bixorta the Chopper (Minotaur Berserker)            Turns: 2029, Time: 00:45:04

Health: 0/69       AC:  6    Str: 23    XL:     5   Next: 20%
Magic:  4/4        EV: 10    Int:  4    God:    Trog [***...]
Gold:   120        SH:  0    Dex: 10    Spells: 4/4 levels left

rFire   . . .        a - +0 hand axe
rCold   . . .        (no shield)
rNeg    . . .        d - +0 scale mail
rPois   .            (helmet restricted)
rElec   .            (no cloak)
rCorr   .            (no gloves)
SInv    .            (no boots)
Will    .....        (no amulet) Stlth
                     (no ring)
HPRegen 0.31/turn    (no ring)
MPRegen 0.09/turn

%: no passive effects
@: berserking (expiring), lethally poisoned (0 -> -6), very quick
A: horns 2, retaliatory headbutt
a: Renounce Religion, Berserk, Trog's Hand


You were on level 3 of the Dungeon.
You worshipped Trog.
Trog was most pleased with you.
You visited 1 branch of the dungeon, and saw 3 of its levels.

You collected 120 gold pieces.

Inventory:

Hand Weapons
 a - a +0 hand axe (weapon)
Missiles
 c - 18 stones (quivered)
Armour
 d - a +0 scale mail (worn)
 l - a +0 ring mail
Scrolls
 j - a scroll of teleportation
 n - a scroll of blinking
 D - a scroll of poison
Potions
 b - a potion of attraction {unknown}
 g - a potion of curing
 p - a potion of lignification {unknown}
 w - a potion of ambrosia {unknown}
 z - a potion of berserk rage {unknown}
 A - a potion of might {unknown}


   Skills:
 - Level 4.0 Fighting
 + Level 6.9 Axes
 - Level 2.5 Armour
 - Level 2.3 Dodging


You had 4 spell levels left.
You didn't know any spells.
Your spell library contained the following spells:

 Spells                   Type           Power      Damage    Failure   Level
 Magic Dart               Conj           0%         1d3       82%         1
 Call Imp                 Summ           0%         N/A       91%         2
 Cigotuvi's Dreadful Rot  Necr/Pois/Air  0%         N/A       91%         2
 Poisonous Vapours        Pois/Air       0%         N/A       91%         2
 Mephitic Cloud           Conj/Pois/Air  0%         N/A       99%         3
 Olgreb's Toxic Radiance  Pois           0%         N/A       100%        4
 Freezing Cloud           Conj/Ice/Air   0%         6-21      100%        5


Dungeon Overview and Level Annotations

Branches:
Dungeon (3/15)

Altars:


Innate Abilities, Weirdness & Mutations

You have a pair of horns on your head.
You reflexively headbutt those who attack you in melee.


Message History

You are poisoned.
You slash the orc wizard!
The orc wizard is severely wounded.
You feel sick.
The orc wizard hits you with a +2 dagger of venom.
* * * LOW HITPOINT WARNING * * *
You are lethally poisoned!
You slash the orc wizard!
You kill the orc wizard!
Trog accepts your kill.
Trog appreciates your killing of a magic user.
* * * LOW HITPOINT WARNING * * *
You feel very sick.
You have reached level 5!
* * * LOW HITPOINT WARNING * * *
You feel very sick. The orc wizard closely misses you.
Things that are here:
a +2 dagger of venom; a +0 robe; a potion of brilliance You closely miss the orc wizard.
* * * LOW HITPOINT WARNING * * *
You feel sick.
The orc wizard hits you but does no damage.
You miss the orc wizard.
* * * LOW HITPOINT WARNING * * *
You feel sick.
You completely miss the orc wizard. Your headbutt misses the orc wizard.
* * * LOW HITPOINT WARNING * * *
You feel sick. The orc wizard closely misses you. You furiously retaliate!
You headbutt the orc wizard! You completely miss the orc wizard.
You headbutt the orc wizard.
You kill the orc wizard!
Trog accepts your kill.
Trog appreciates your killing of a magic user.
* * * LOW HITPOINT WARNING * * *
You feel sick.
* * * LOW HITPOINT WARNING * * *
You feel sick.
You feel a strong urge to attack something.
You die...

#.....#...#
#.....
#.....#...#
#.....
#.....#...###...
#.....#...#...#
#....>..#.#...##
#....).......[.#
#....)#.##.....#
#.....#.##.###.#
#####@#.##.# #.#
#.#.##.###†#
#.#.##.....# ###
#.#.#####..# #..
#....####..# #..
###........# #..
###...##)# ##..
###..#.# #...
##.#.####...


There were no monsters in sight!

Vanquished Creatures
  Jessica (D:2)
  2 orc wizards (D:3)
  An adder (D:2)
  A worm (D:3)
  2 dart slugs (D:1)
  5 orcs (D:3)
  8 bats
  5 endoplasms (D:1)
  3 giant cockroaches
  5 goblins
  7 hobgoblins
  4 jackals (D:1)
  3 kobolds
  5 quokkas
  2 ball pythons
  5 frilled lizards
  2 rats
61 creatures vanquished.

Notes
Turn   | Place    | Note
-------+----------+-------------------------------------------
     0 | D:1      | Bixorta the Minotaur Berserker began the quest for the Orb.
     0 | D:1      | Reached XP level 1. HP: 19/19 MP: 0/0
   117 | D:1      | Reached skill level 4 in Axes
   117 | D:1      | Reached XP level 2. HP: 19/27 MP: 1/1
   452 | D:1      | Reached ** piety under Trog
   773 | D:1      | Reached XP level 3. HP: 33/33 MP: 2/2
   936 | D:1      | Reached skill level 5 in Axes
  1554 | D:2      | Noticed Jessica
  1569 | D:2      | Killed Jessica
  1570 | D:2      | Reached XP level 4. HP: 40/40 MP: 3/3
  1654 | D:2      | Got the Codex of Blight
  1742 | D:3      | Reached skill level 6 in Axes
  2023 | D:3      | Reached XP level 5. HP: 13/46 MP: 4/4
  2027 | D:3      | Reached *** piety under Trog
  2027 | D:3      | HP: 3/69 [poisoned by an orc wizard]
  2028 | D:3      | HP: 1/69 [poisoned by an orc wizard]
  2029 | D:3      | Succumbed to an orc wizard's poison

Illustrated notes

Levels and vault maps discovered:
D:1:      dpeg_arrival_solitude, layout_basic,
          wander_ebering_terrifying_dragon_lair
D:2:      layout_loops_ring, kennysheep_jessica_study
D:3:      layout_basic

Skill      XL: |  1  2  3  4 |
---------------+-------------+-----
Axes           | 4 5 6 |  6.9
Fighting       | 4 |  4.0
Armour         | |  2.5
Dodging        | |  2.3

Action                     |  1- 3 |  4- 6 || total
---------------------------+-------+-------++-------
  Melee: Hand axe          |   105 |    39 ||   144
         Headbutt          |    12 |     5 ||    17
  Throw: Stone             |       |     3 ||     3
 Invoke: Berserk           |     2 |     1 ||     3
         Trog's Hand       |     1 |       ||     1
    Use: Scroll            |       |     9 ||     9
 Armour: Animal skin       |     8 |       ||     8
         Ring mail         |    22 |     8 ||    30
         Leather armour    |     1 |       ||     1
         Scale mail        |       |     3 ||     3
  Dodge: Dodged            |    42 |    12 ||    54
